APL (24 & UNDER)
SCOTTSDALE SCORPIONS @ NANTUCKET ORCAS
08/11/2028
 
TOP OF THE 1ST
Scottsdale Scorpions batting - Pitching for Nantucket Orcas : RHP Rafael Ruíz
Pitching: RHP Rafael Ruíz
Batting: LHB Shawn Brown 0-0: Swinging Strike
0-1: Foul Ball, location: 2F
0-2: Foul Ball, location: 2F
0-2: Foul Ball, location: 2F
0-2: Strikes out looking
Batting: RHB Ronald Smith 0-0: Foul Ball, location: 2F
0-1: Ground out 4-3 (Groundball, 4)
Batting: SHB Luis López 0-0: Called Strike
0-1: Foul Ball, location: 2F
0-2: Fly out, F7 (Flyball, 78D)
Top of the 1st over - 0 run(s), 0 hit(s), 0 error(s), 0 left on base; Scottsdale 0 - Nantucket 0
BOTTOM OF THE 1ST
Nantucket Orcas batting - Pitching for Scottsdale Scorpions : RHP Robinson Ramírez
Pitching: RHP Robinson Ramírez
Batting: RHB Charlie Pérez 0-0: Called Strike
0-1: SINGLE (Groundball, 4MD)
Batting: RHB Demetrio Inrouville 0-0: Foul Ball, location: 2F
0-1: Fly out, F5 (Popup, 5L)
Batting: LHB Eugene Lee 0-0: Fielders Choice at 2nd, 4-6 (Groundball, 34)
Now at SS: Pablo Pineda
Batting: RHB Fernando Álvarez 0-0: Foul Ball, location: 2F
0-1: Called Strike
0-2: Ball
1-2: Strikes out swinging
Bottom of the 1st over - 0 run(s), 1 hit(s), 0 error(s), 1 left on base; Scottsdale 0 - Nantucket 0
TOP OF THE 2ND
Scottsdale Scorpions batting - Pitching for Nantucket Orcas : RHP Rafael Ruíz
Batting: SHB Arnold Moore 0-0: Called Strike
0-1: Foul Ball, location: 2F
0-2: Strikes out looking
Batting: RHB Brian Stewart 0-0: Called Strike
0-1: Ball
1-1: Ball
2-1: SINGLE (Line Drive, 8RS)
Batting: RHB José Méndez 0-0: Called Strike
0-1: Ball
1-1: Ball
2-1: Ball
3-1: Fly out, F8 (Flyball, 8LD)
Batting: RHB Steve Boyer 0-0: SINGLE (Groundball, 56D)
Brian Stewart to second
Batting: RHB Robinson Fernández 0-0: Foul Ball, location: 2F
0-1: Ball
1-1: Called Strike
1-2: Foul Ball, location: 2F
1-2: Strikes out swinging
Top of the 2nd over - 0 run(s), 2 hit(s), 0 error(s), 2 left on base; Scottsdale 0 - Nantucket 0
BOTTOM OF THE 2ND
Nantucket Orcas batting - Pitching for Scottsdale Scorpions : RHP Robinson Ramírez
Batting: RHB Mike Willis 0-0: Called Strike
0-1: SINGLE (Groundball, 34D)
Batting: LHB Alfonso Vélez 0-0: Ball
1-0: SINGLE (Line Drive, 9S)
Mike Willis to second
Batting: LHB Juan Lima 0-0: SINGLE (Line Drive, 4MD)
Mike Willis to third
Alfonso Vélez to second
Batting: LHB Noah Gillespie 0-0: Called Strike
0-1: Ball
1-1: Fielders Choice at 2nd, 6-4 (Groundball, 6)
Mike Willis scores
Alfonso Vélez to third
Batting: RHB Luis Cruz 0-0: Foul Ball, location: 2F
0-1: Called Strike
0-2: Foul Ball, location: 2F
0-2: Reaches on Catchers interference
Noah Gillespie to second
Batting: RHB Charlie Pérez 0-0: Ball
1-0: Called Strike
1-1: Ball
2-1: Foul Ball, location: 2F
2-2: Grounds into double play, 6-4-3 (Groundball, 56)
Bottom of the 2nd over - 1 run(s), 3 hit(s), 1 error(s), 2 left on base; Scottsdale 0 - Nantucket 1
TOP OF THE 3RD
Scottsdale Scorpions batting - Pitching for Nantucket Orcas : RHP Rafael Ruíz
Batting: RHB Henry Cahill 0-0: Ball
1-0: Called Strike
1-1: Ball
2-1: Swinging Strike
2-2: Foul Ball, location: 2F
2-2: Strikes out swinging
Batting: LHB Shawn Brown 0-0: Called Strike
0-1: Ball
1-1: Ground out U3 (Groundball, 3L)
Batting: RHB Pablo Pineda 0-0: SINGLE (Flyball, 7S)
Batting: SHB Luis López 0-0: Ball
1-0: Foul Ball, location: 2F
1-1: Ball
2-1: Ball
3-1: Called Strike
3-2: Base on Balls
Pablo Pineda to second
Batting: SHB Arnold Moore 0-0: Swinging Strike
0-1: Ball
1-1: Ball
2-1: Foul Ball, location: 2F
2-2: SINGLE (Flyball, 9LM)
Pablo Pineda to third
Luis López to second
Runner from 3rd tries for Home, SAFE, no throw
Batting: RHB Brian Stewart 0-0: Ball
1-0: Called Strike
1-1: Ball
2-1: Fly out, F5 (Line Drive, 5)
Top of the 3rd over - 1 run(s), 2 hit(s), 0 error(s), 2 left on base; Scottsdale 1 - Nantucket 1
BOTTOM OF THE 3RD
Nantucket Orcas batting - Pitching for Scottsdale Scorpions : RHP Robinson Ramírez
Batting: RHB Demetrio Inrouville 0-0: Called Strike
0-1: Swinging Strike
0-2: Foul Ball, location: 2F
0-2: Ball
1-2: Ball
2-2: Strikes out swinging
Batting: LHB Eugene Lee 0-0: Called Strike
0-1: Ball
1-1: Ball
2-1: Foul Ball, location: 2F
2-2: Foul Ball, location: 2F
2-2: Ball
3-2: Foul Ball, location: 2F
3-2: Ground out 4-3 (Groundball, 4)
Batting: RHB Fernando Álvarez 0-0: Foul Ball, location: 2F
0-1: Ball
1-1: Ball
2-1: Ball
3-1: Foul Ball, location: 2F
3-2: Ground out 3-1 (Groundball, 34)
Bottom of the 3rd over - 0 run(s), 0 hit(s), 0 error(s), 0 left on base; Scottsdale 1 - Nantucket 1
TOP OF THE 4TH
Scottsdale Scorpions batting - Pitching for Nantucket Orcas : RHP Rafael Ruíz
Batting: RHB José Méndez 0-0: Called Strike
0-1: Swinging Strike
0-2: Foul Ball, location: 2F
0-2: Ball
1-2: SINGLE (Line Drive, 89S)
Batting: RHB Steve Boyer 0-0: Fly out, F5 (Line Drive, 5)
Batting: RHB Robinson Fernández 0-0: Ball
1-0: Swinging Strike
1-1: Swinging Strike
1-2: Strikes out swinging
Batting: RHB Henry Cahill 0-0: Called Strike
0-1: SINGLE (Line Drive, 89S)
José Méndez to second
Batting: LHB Shawn Brown 0-0: Foul Ball, location: 2F
0-1: Fly out, F6 (Line Drive, 6)
Top of the 4th over - 0 run(s), 2 hit(s), 0 error(s), 2 left on base; Scottsdale 1 - Nantucket 1
BOTTOM OF THE 4TH
Nantucket Orcas batting - Pitching for Scottsdale Scorpions : RHP Robinson Ramírez
Batting: RHB Mike Willis 0-0: Ground out 6-3 (Groundball, 6)
Batting: LHB Alfonso Vélez 0-0: Ball
1-0: Swinging Strike
1-1: Swinging Strike
1-2: Ball
2-2: Foul Ball, location: 2F
2-2: Ball
3-2: SINGLE (Line Drive, 89S)
Batting: LHB Juan Lima 0-0: Called Strike
0-1: Swinging Strike
0-2: Ball
Alfonso Vélez steals 2nd base
1-2: Ball
2-2: Foul Ball, location: 2F
2-2: Ball
3-2: SINGLE (Groundball, 4D)
Alfonso Vélez to third
Batting: LHB Noah Gillespie 0-0: Ball
Wild Pitch!
Alfonso Vélez scores
Juan Lima to second
1-0: Fly out, F7 (Line Drive, 78M)
Batting: RHB Luis Cruz 0-0: DOUBLE (Line Drive, 9LM)
Juan Lima scores
Batting: RHB Charlie Pérez 0-0: SINGLE (Groundball, 6M) (infield hit)
Luis Cruz to third
Batting: RHB Demetrio Inrouville 0-0: Ball
Charlie Pérez steals 2nd base
1-0: Swinging Strike
1-1: Ground out 5-3 (Groundball, 5)
Bottom of the 4th over - 2 run(s), 4 hit(s), 0 error(s), 2 left on base; Scottsdale 1 - Nantucket 3
TOP OF THE 5TH
Scottsdale Scorpions batting - Pitching for Nantucket Orcas : RHP Rafael Ruíz
Batting: RHB Pablo Pineda 0-0: Ball
1-0: Foul Ball, location: 2F
1-1: Fly out, F8 (Flyball, 8RD)
Batting: SHB Luis López 0-0: Ball
1-0: Ball
2-0: Foul Ball, location: 2F
2-1: Fly out, F7 (Flyball, 78M)
Batting: SHB Arnold Moore 0-0: Foul Ball, location: 2F
0-1: Ball
1-1: Ball
2-1: Called Strike
2-2: Strikes out swinging
Top of the 5th over - 0 run(s), 0 hit(s), 0 error(s), 0 left on base; Scottsdale 1 - Nantucket 3
BOTTOM OF THE 5TH
Nantucket Orcas batting - Pitching for Scottsdale Scorpions : RHP Robinson Ramírez
Batting: LHB Eugene Lee 0-0: Ball
1-0: Ground out 4-3 (Groundball, 4M)
Batting: RHB Fernando Álvarez 0-0: Ball
1-0: Swinging Strike
1-1: Ball
2-1: Fly out, F3 (Popup, 3S)
Batting: RHB Mike Willis 0-0: Ball
1-0: Ground out 6-3 (Groundball, 6)
Bottom of the 5th over - 0 run(s), 0 hit(s), 0 error(s), 0 left on base; Scottsdale 1 - Nantucket 3
TOP OF THE 6TH
Scottsdale Scorpions batting - Pitching for Nantucket Orcas : RHP Rafael Ruíz
Batting: RHB Brian Stewart 0-0: Ball
1-0: Ground out 4-3 (Groundball, 4)
Batting: RHB José Méndez 0-0: Ball
1-0: Foul Ball, location: 2F
1-1: Swinging Strike
1-2: Ball
2-2: Ground out 3-1 (Groundball, 34S)
Batting: RHB Steve Boyer 0-0: Ball
1-0: Ball
2-0: Called Strike
2-1: Foul Ball, location: 2F
2-2: Ball
3-2: Foul Ball, location: 2F
3-2: Foul Ball, location: 2F
3-2: SINGLE (Line Drive, 4)
Pitching: RHP Bo Wagner
Batting: RHB Robinson Fernández 0-0: 2-RUN HOME RUN (Flyball, 78XD), Distance : 410 ft
Batting: RHB Henry Cahill 0-0: Foul Ball, location: 2F
0-1: Fly out, F9 (Flyball, 9)
Top of the 6th over - 2 run(s), 2 hit(s), 0 error(s), 0 left on base; Scottsdale 3 - Nantucket 3
BOTTOM OF THE 6TH
Nantucket Orcas batting - Pitching for Scottsdale Scorpions : RHP Robinson Ramírez
Batting: LHB Alfonso Vélez 0-0: Ball
1-0: Ball
2-0: Foul Ball, location: 2F
2-1: Ball
3-1: Foul Ball, location: 2F
3-2: Foul Ball, location: 2F
3-2: SINGLE (Groundball, 4D)
Batting: LHB Juan Lima 0-0: Ball
1-0: Ball
2-0: Ball
3-0: Called Strike
3-1: Base on Balls
Alfonso Vélez to second
Pitching: LHP Miguel Guerra
Batting: LHB Noah Gillespie 0-0: Ball
1-0: Foul Ball, location: 2F
1-1: SINGLE (Groundball, 6MD)
Alfonso Vélez to third
Juan Lima to second
Batting: RHB Luis Cruz 0-0: Ball
1-0: Ball
2-0: Called Strike
2-1: Ball
3-1: Base on Balls
Alfonso Vélez scores
Juan Lima to third
Noah Gillespie to second
Batting: RHB Charlie Pérez 0-0: Ball
1-0: Foul Ball, location: 2F
1-1: Fly out, F9 (Flyball, 9LSF)
Runner from 3rd tags up, SCORES, no throw
Batting: RHB Demetrio Inrouville 0-0: Ball
1-0: Foul Ball, location: 2F
1-1: Ball
2-1: Foul Ball, location: 2F
2-2: Strikes out swinging
Pitching: RHP Sterling Caldwell
Batting: LHB Eugene Lee 0-0: Ball
1-0: Foul Ball, location: 2F
1-1: Called Strike
1-2: Strikes out swinging
Bottom of the 6th over - 2 run(s), 2 hit(s), 0 error(s), 2 left on base; Scottsdale 3 - Nantucket 5
TOP OF THE 7TH
Scottsdale Scorpions batting - Pitching for Nantucket Orcas : RHP Bo Wagner
Batting: LHB Shawn Brown 0-0: Called Strike
0-1: Ball
1-1: Ball
2-1: Foul Ball, location: 2F
2-2: Foul Ball, location: 2F
2-2: Ball
3-2: Base on Balls
Batting: RHB Pablo Pineda 0-0: Ball
1-0: Ball
2-0: Called Strike
2-1: Called Strike
2-2: Strikes out looking
Batting: SHB Luis López 0-0: Fly out, F5 (Popup, 5D)
Batting: SHB Arnold Moore 0-0: Ball
1-0: Foul Ball, location: 2F
1-1: Ball
2-1: Foul Ball, location: 2F
2-2: Ball
3-2: Base on Balls
Shawn Brown to second
Batting: RHB Brian Stewart 0-0: Fly out, F9 (Flyball, 9)
Top of the 7th over - 0 run(s), 0 hit(s), 0 error(s), 2 left on base; Scottsdale 3 - Nantucket 5
BOTTOM OF THE 7TH
Nantucket Orcas batting - Pitching for Scottsdale Scorpions : RHP Sterling Caldwell
Batting: RHB Fernando Álvarez 0-0: Called Strike
0-1: Foul Ball, location: 2F
0-2: Ball
1-2: Ground out 5-3 (Groundball, 56S)
Batting: RHB Mike Willis 0-0: Called Strike
0-1: Called Strike
0-2: Foul Ball, location: 2F
0-2: Foul Ball, location: 2F
0-2: Strikes out swinging
Batting: LHB Alfonso Vélez 0-0: Ball
1-0: Ball
2-0: Ball
3-0: Base on Balls
Batting: LHB Juan Lima 0-0: Ball
1-0: Fielders Choice at 2nd, 4-6 (Groundball, 4)
Bottom of the 7th over - 0 run(s), 0 hit(s), 0 error(s), 0 left on base; Scottsdale 3 - Nantucket 5
TOP OF THE 8TH
Scottsdale Scorpions batting - Pitching for Nantucket Orcas : RHP Bo Wagner
Batting: RHB José Méndez 0-0: Called Strike
0-1: Swinging Strike
0-2: Ball
1-2: Foul Ball, location: 2F
1-2: Ball
2-2: Foul Ball, location: 2F
2-2: Ball
3-2: Strikes out swinging
Batting: RHB Steve Boyer 0-0: Ball
1-0: Ball
2-0: Called Strike
2-1: Called Strike
2-2: Ball
3-2: Foul Ball, location: 2F
3-2: SINGLE (Popup, 3D)
Pitching: RHP Javier Soriano
Batting: RHB Robinson Fernández 0-0: Called Strike
0-1: Ball
1-1: Reached on error, E5 (Groundball, 5L)
Steve Boyer to second
Pinch Hitting: RHB Edgardo Gonzáles 0-0: Called Strike
0-1: Called Strike
0-2: Ball
1-2: Ball
2-2: Ball
3-2: Base on Balls
Steve Boyer to third
Robinson Fernández to second
Pitching: LHP José Rodríguez
Pinch Hitting: RHB Esteban Concepción 0-0: Foul Ball, location: 2F
0-1: Ball
1-1: Ball
2-1: Fly out, F8 (Flyball, 8RM)
Runner from 3rd tags up, SCORES, throw made
Pitching: RHP Joe Griffin
Batting: RHB Pablo Pineda 0-0: Foul Ball, location: 2F
0-1: Ball
1-1: Swinging Strike
1-2: Strikes out swinging
Top of the 8th over - 1 run(s), 1 hit(s), 1 error(s), 2 left on base; Scottsdale 4 - Nantucket 5
BOTTOM OF THE 8TH
Nantucket Orcas batting - Pitching for Scottsdale Scorpions : RHP Sterling Caldwell
Now at 1B: Tony Ayala
Now in RF: Esteban Concepción
Batting: LHB Noah Gillespie 0-0: Swinging Strike
0-1: Ball
1-1: Foul Ball, location: 2F
1-2: Ball
2-2: Ball
3-2: Strikes out swinging
Batting: RHB Luis Cruz 0-0: Called Strike
0-1: Swinging Strike
0-2: Ball
1-2: Ball
2-2: Foul Ball, location: 2F
2-2: Strikes out swinging
Batting: RHB Charlie Pérez 0-0: Called Strike
0-1: Called Strike
0-2: Strikes out looking
Bottom of the 8th over - 0 run(s), 0 hit(s), 0 error(s), 0 left on base; Scottsdale 4 - Nantucket 5
TOP OF THE 9TH
Scottsdale Scorpions batting - Pitching for Nantucket Orcas : RHP Joe Griffin
Pitching: RHP Mathew Wilcox
Now in RF: Scotty Hicks
Batting: SHB Luis López 0-0: Foul Ball, location: 2F
0-1: Ball
1-1: Ball
2-1: Called Strike
2-2: Foul Ball, location: 2F
2-2: Ball
3-2: Fly out, F7 (Flyball, 7S)
Batting: SHB Arnold Moore 0-0: Foul Ball, location: 2F
0-1: Foul Ball, location: 2F
0-2: SOLO HOME RUN (Flyball, 9D), Distance : 383 ft
Batting: RHB Brian Stewart 0-0: Called Strike
0-1: Fly out, F8 (Flyball, 8RD)
Pinch Hitting: LHB Clayton Bailey 0-0: Ball
1-0: Called Strike
1-1: Foul Ball, location: 2F
1-2: Foul Ball, location: 2F
1-2: SOLO HOME RUN (Flyball, 8LXD), Distance : 425 ft
Pitching: LHP Alberto Gutiérrez
Batting: RHB Steve Boyer 0-0: Ball
1-0: Foul Ball, location: 2F
1-1: Ball
2-1: Fly out, F8 (Flyball, 8RS)
Top of the 9th over - 2 run(s), 2 hit(s), 0 error(s), 0 left on base; Scottsdale 6 - Nantucket 5
BOTTOM OF THE 9TH
Nantucket Orcas batting - Pitching for Scottsdale Scorpions : RHP Sterling Caldwell
Pitching: RHP Julián García
Now at C: Carlos Rosales
Now in CF: Mike Hall
Pinch Hitting: SHB José Espinoza 0-0: Ground out 3-1 (Groundball, 34)
Batting: LHB Eugene Lee 0-0: Called Strike
0-1: Ball
1-1: Ball
2-1: Ball
3-1: Called Strike
3-2: Foul Ball, location: 2F
3-2: Ground out 4-3 (Groundball, 4)
Pinch Hitting: RHB Juan Gómez 0-0: Ground out 6-3 (Groundball, 6)
Bottom of the 9th over - 0 run(s), 0 hit(s), 0 error(s), 0 left on base; Scottsdale 6 - Nantucket 5
Tuesday, August 8th, 2017 - OOTP Baseball 17.12 Build 75